CAL (WIN)
SALEM RED SOX @ WILMINGTON BLUE ROCKS
12/30/2046
 
TOP OF THE 1ST
Salem Red Sox batting - Pitching for Wilmington Blue Rocks : LHP Butch Ott
Pitching: LHP Butch Ott
Batting: RHB Andy Garvin 0-0: Ball
1-0: Swinging Strike
1-1: Ground out 5-3 (Groundball, 56S, EV 68.8 MPH)
Batting: SHB Salvador Padilla 0-0: Swinging Strike
0-1: Ball
1-1: Called Strike
1-2: Foul Ball, location: 2F
1-2: Foul Ball, location: 2F
1-2: Strikes out swinging
Batting: RHB Sal Rivera 0-0: Foul Ball, location: 2F
0-1: Ball
1-1: Called Strike
1-2: Ball
2-2: Foul Ball, location: 2F
2-2: Strikes out swinging
Top of the 1st over - 0 runs, 0 hits, 0 errors, 0 left on base; Salem 0 - Wilmington 0
BOTTOM OF THE 1ST
Wilmington Blue Rocks batting - Pitching for Salem Red Sox : RHP Chris Cory
Pitching: RHP Chris Cory
Batting: RHB Kevin Wimberly 0-0: Ball
1-0: Swinging Strike
1-1: Called Strike
1-2: Foul Ball, location: 2F
1-2: Ball
2-2: Strikes out swinging
Batting: RHB Kazuki Arai 0-0: Foul Ball, location: 2F
0-1: Ground out 4-3 (Groundball, 4M, EV 83.1 MPH)
Batting: RHB Andy Urquhart 0-0: Foul Ball, location: 2F
0-1: Foul Ball, location: 2F
0-2: Fly out, F3 (Popup, 3SF, EV 83.8 MPH)
Bottom of the 1st over - 0 runs, 0 hits, 0 errors, 0 left on base; Salem 0 - Wilmington 0
TOP OF THE 2ND
Salem Red Sox batting - Pitching for Wilmington Blue Rocks : LHP Butch Ott
Batting: SHB Greg Shaw 0-0: Ball
1-0: Called Strike
1-1: DOUBLE (Line Drive, 9LD, EV 106.2 MPH)
Batting: RHB Dave Burwell 0-0: Ball
Passed Ball!
Greg Shaw to third
1-0: Ball
2-0: Ground out 6-3 (Groundball, 6, EV 86.9 MPH)
Greg Shaw scores
Batting: RHB Tony Nunez 0-0: Fly out, F7 (Flyball, 78M, EV 88.1 MPH)
Batting: RHB Miguel Villanueva 0-0: Called Strike
0-1: Ball
1-1: Ball
2-1: Foul Ball, location: 2F
2-2: Foul Ball, location: 2F
2-2: Strikes out swinging
Top of the 2nd over - 1 run, 1 hit, 0 errors, 0 left on base; Salem 1 - Wilmington 0
BOTTOM OF THE 2ND
Wilmington Blue Rocks batting - Pitching for Salem Red Sox : RHP Chris Cory
Batting: LHB Robert Wilkins 0-0: Ground out 5-3 (Groundball, 56, EV 93.8 MPH)
Batting: RHB Nick Julien 0-0: Foul Ball, location: 2F
0-1: Ball
1-1: Ball
2-1: Called Strike
2-2: Fly out, F4 (Popup, 4D, EV 58.1 MPH)
Batting: RHB Edwin Ramos 0-0: Ball
1-0: Foul Ball, location: 2F
1-1: Fly out, F7 (Flyball, 7, EV 94.4 MPH)
Bottom of the 2nd over - 0 runs, 0 hits, 0 errors, 0 left on base; Salem 1 - Wilmington 0
TOP OF THE 3RD
Salem Red Sox batting - Pitching for Wilmington Blue Rocks : LHP Butch Ott
Batting: RHB Willie Camacho 0-0: Fly out, F8 (Flyball, 78M, EV 87.5 MPH)
Batting: RHB Aukukero Tairi 0-0: Called Strike
0-1: Called Strike
0-2: Strikes out swinging
Batting: RHB Andy Garvin 0-0: Called Strike
0-1: Ball
1-1: Foul Ball, location: 2F
1-2: Ground out 1-3 (Groundball, 15S, EV 71.9 MPH)
Top of the 3rd over - 0 runs, 0 hits, 0 errors, 0 left on base; Salem 1 - Wilmington 0
BOTTOM OF THE 3RD
Wilmington Blue Rocks batting - Pitching for Salem Red Sox : RHP Chris Cory
Batting: RHB Chad Sullivan 0-0: Called Strike
0-1: Foul Ball, location: 2F
0-2: Ground out 6-3 (Groundball, 6, EV 103.8 MPH)
Batting: RHB Nate De Jongh 0-0: Foul Ball, location: 2F
0-1: Ball
1-1: Ground out 6-3 (Groundball, 6, EV 105.0 MPH)
Batting: RHB Eric Erickson 0-0: Called Strike
0-1: Ball
1-1: Foul Ball, location: 2F
1-2: Ball
2-2: Ball
3-2: Foul Ball, location: 2F
3-2: SINGLE (Groundball, 4MD, EV 98.8 MPH)
Batting: RHB Kevin Wimberly 0-0: Ball
1-0: Swinging Strike
1-1: Called Strike
Eric Erickson is caught stealing 2nd base 2-4
Bottom of the 3rd over - 0 runs, 1 hit, 0 errors, 0 left on base; Salem 1 - Wilmington 0
TOP OF THE 4TH
Salem Red Sox batting - Pitching for Wilmington Blue Rocks : LHP Butch Ott
Batting: SHB Salvador Padilla 0-0: Ball
1-0: Swinging Strike
1-1: Foul Ball, location: 2F
1-2: Ground out 4-3 (Groundball, 4, EV 85.0 MPH)
Batting: RHB Sal Rivera 0-0: Foul Ball, location: 2F
0-1: Ball
1-1: Ball
2-1: Called Strike
2-2: Ball
3-2: Foul Ball, location: 2F
3-2: Base on Balls
Batting: SHB Greg Shaw 0-0: Called Strike
0-1: Ball
1-1: Called Strike
1-2: Ball
Sal Rivera steals 2nd base (no throw)
2-2: Ball
3-2: Foul Ball, location: 2F
3-2: Base on Balls
Pitching: RHP Mike Galvin
Batting: RHB Dave Burwell 0-0: SINGLE (Groundball, 6D, EV 96.9 MPH)
Sal Rivera to third
Greg Shaw to second
Runner from 3rd tries for Home, SAFE, throw by CF to home
Batting: RHB Tony Nunez 0-0: Called Strike
0-1: Swinging Strike
0-2: Ball
1-2: Ball
2-2: Foul Ball, location: 2F
2-2: Foul Ball, location: 2F
2-2: Ball
Passed Ball!
Greg Shaw to third
Dave Burwell to second
3-2: Hit by Pitch
Batting: RHB Miguel Villanueva 0-0: Ball
1-0: Called Strike
1-1: Swinging Strike
1-2: Strikes out swinging
Batting: RHB Willie Camacho 0-0: Foul Ball, location: 2F
0-1: Ball
1-1: Ball
2-1: Called Strike
2-2: Strikes out looking
Top of the 4th over - 1 run, 1 hit, 0 errors, 3 left on base; Salem 2 - Wilmington 0
BOTTOM OF THE 4TH
Wilmington Blue Rocks batting - Pitching for Salem Red Sox : RHP Chris Cory
Batting: RHB Kevin Wimberly 0-0: Called Strike
0-1: Ball
1-1: Ball
2-1: Foul Ball, location: 2F
2-2: Foul Ball, location: 2F
2-2: Ball
3-2: Fly out, F9 (Flyball, 89S, EV 75.0 MPH)
Batting: RHB Kazuki Arai 0-0: Ball
1-0: Called Strike
1-1: Called Strike
1-2: Ball
2-2: Fly out, F2 (Popup, 15S, EV 93.1 MPH)
Batting: RHB Andy Urquhart 0-0: Foul Ball, location: 2F
0-1: Ball
1-1: Foul Ball, location: 2F
1-2: Ball
2-2: Foul Ball, location: 2F
2-2: Hit by Pitch
Batting: LHB Robert Wilkins 0-0: Ball
Andy Urquhart steals 2nd base
1-0: Ball
2-0: Ground out 5-3 (Groundball, 56, EV 86.9 MPH)
Bottom of the 4th over - 0 runs, 0 hits, 0 errors, 1 left on base; Salem 2 - Wilmington 0
TOP OF THE 5TH
Salem Red Sox batting - Pitching for Wilmington Blue Rocks : RHP Mike Galvin
Batting: RHB Aukukero Tairi 0-0: Ball
1-0: Called Strike
1-1: Foul Ball, location: 2F
1-2: Strikes out looking
Batting: RHB Andy Garvin 0-0: Called Strike
0-1: Ball
1-1: Ball
2-1: Called Strike
2-2: SINGLE (Groundball, 56, EV 106.9 MPH) (infield hit)
Batting: SHB Salvador Padilla 0-0: Called Strike
0-1: Ball
Andy Garvin steals 2nd, throwing error, E2
Andy Garvin to third
1-1: Ball
2-1: Foul Ball, location: 2F
2-2: Strikes out swinging
Batting: RHB Sal Rivera 0-0: Ball
1-0: Ground out 5-3 (Groundball, 56, EV 78.8 MPH)
Top of the 5th over - 0 runs, 1 hit, 1 error, 1 left on base; Salem 2 - Wilmington 0
BOTTOM OF THE 5TH
Wilmington Blue Rocks batting - Pitching for Salem Red Sox : RHP Chris Cory
Batting: RHB Nick Julien 0-0: Foul Ball, location: 2F
0-1: Ball
1-1: Ball
2-1: Ball
3-1: Called Strike
3-2: Strikes out looking
Batting: RHB Edwin Ramos 0-0: Ball
1-0: Ball
2-0: Fly out, F8 (Flyball, 8RD, EV 88.1 MPH)
Batting: RHB Chad Sullivan 0-0: Called Strike
0-1: SINGLE (Flyball, 78S, EV 96.2 MPH)
Batting: RHB Nate De Jongh 0-0: Ball
1-0: Foul Ball, location: 2F
1-1: Foul Ball, location: 2F
1-2: Fly out, F8 (Flyball, 8RXD, EV 104.4 MPH)
Bottom of the 5th over - 0 runs, 1 hit, 0 errors, 1 left on base; Salem 2 - Wilmington 0
TOP OF THE 6TH
Salem Red Sox batting - Pitching for Wilmington Blue Rocks : RHP Mike Galvin
Batting: SHB Greg Shaw 0-0: Swinging Strike
0-1: Called Strike
0-2: Strikes out swinging
Batting: RHB Dave Burwell 0-0: Ball
1-0: Called Strike
1-1: Swinging Strike
1-2: Ball
2-2: Strikes out swinging
Batting: RHB Tony Nunez 0-0: Ball
1-0: Foul Ball, location: 2F
1-1: DOUBLE (Flyball, 8LXD, EV 103.8 MPH)
Batting: RHB Miguel Villanueva 0-0: Called Strike
0-1: Fly out, F7 (Flyball, 7S, EV 88.8 MPH)
Top of the 6th over - 0 runs, 1 hit, 0 errors, 1 left on base; Salem 2 - Wilmington 0
BOTTOM OF THE 6TH
Wilmington Blue Rocks batting - Pitching for Salem Red Sox : RHP Chris Cory
Pitching: RHP Lukasha Sheigus
Batting: RHB Eric Erickson 0-0: Ball
1-0: Fly out, F7 (Flyball, 78M, EV 98.1 MPH)
Batting: RHB Kevin Wimberly 0-0: Foul Ball, location: 2F
0-1: Ball
1-1: Foul Ball, location: 2F
1-2: Foul Ball, location: 2F
1-2: Ball
2-2: SINGLE (Groundball, 56, EV 103.8 MPH)
Batting: RHB Kazuki Arai 0-0: Called Strike
Kevin Wimberly is caught stealing 2nd base 2-4
0-1: Ball
1-1: Ball
2-1: Swinging Strike
2-2: Foul Ball, location: 2F
2-2: Ball
3-2: Foul Ball, location: 2F
3-2: Strikes out swinging
Bottom of the 6th over - 0 runs, 1 hit, 0 errors, 0 left on base; Salem 2 - Wilmington 0
TOP OF THE 7TH
Salem Red Sox batting - Pitching for Wilmington Blue Rocks : RHP Mike Galvin
Pitching: RHP Bryan Kiefer
Pinch Hitting: LHB Aaron Brannon 0-0: Foul Ball, location: 2F
0-1: Swinging Strike
0-2: Strikes out looking
Batting: RHB Aukukero Tairi 0-0: Ball
1-0: Called Strike
1-1: Ball
2-1: Ball
3-1: Base on Balls
Batting: RHB Andy Garvin 0-0: Ground out U3 (Groundball, 3S, EV 73.1 MPH)
Aukukero Tairi to second
Batting: SHB Salvador Padilla 0-0: Swinging Strike
0-1: Ball
1-1: Ball
2-1: Ground out 4-3 (Groundball, 4, EV 85.0 MPH)
Top of the 7th over - 0 runs, 0 hits, 0 errors, 1 left on base; Salem 2 - Wilmington 0
BOTTOM OF THE 7TH
Wilmington Blue Rocks batting - Pitching for Salem Red Sox : RHP Lukasha Sheigus
Now at SS: Rogelio Cervantes
Batting: RHB Andy Urquhart 0-0: Ball
1-0: Swinging Strike
1-1: Foul Ball, location: 2F
1-2: Foul Ball, location: 2F
1-2: Strikes out looking
Batting: LHB Robert Wilkins 0-0: Called Strike
0-1: Ball
1-1: SINGLE (Groundball, 56D, EV 93.8 MPH)
Batting: RHB Nick Julien 0-0: Swinging Strike
0-1: Foul Ball, location: 2F
0-2: Ball
1-2: Fly out, F7 (Flyball, 7S, EV 85.0 MPH)
Batting: RHB Edwin Ramos 0-0: Called Strike
0-1: Ground out U3 (Groundball, 3, EV 103.1 MPH)
Bottom of the 7th over - 0 runs, 1 hit, 0 errors, 1 left on base; Salem 2 - Wilmington 0
TOP OF THE 8TH
Salem Red Sox batting - Pitching for Wilmington Blue Rocks : RHP Bryan Kiefer
Batting: RHB Sal Rivera 0-0: Ball
1-0: Swinging Strike
1-1: Foul Ball, location: 2F
1-2: Ball
2-2: Strikes out swinging
Batting: SHB Greg Shaw 0-0: Ball
1-0: Ground out 4-3 (Groundball, 4D, EV 103.1 MPH)
Batting: RHB Dave Burwell 0-0: Ball
1-0: Foul Ball, location: 2F
1-1: Foul Ball, location: 2F
1-2: Strikes out swinging
Top of the 8th over - 0 runs, 0 hits, 0 errors, 0 left on base; Salem 2 - Wilmington 0
BOTTOM OF THE 8TH
Wilmington Blue Rocks batting - Pitching for Salem Red Sox : RHP Lukasha Sheigus
Batting: RHB Chad Sullivan 0-0: Ball
1-0: Called Strike
1-1: Called Strike
1-2: Ball
2-2: Strikes out swinging
Pitching: RHP Roberto Morales
Batting: RHB Nate De Jongh 0-0: Ball
1-0: Ball
2-0: DOUBLE (Line Drive, 9LS, EV 100.6 MPH)
Batting: RHB Eric Erickson 0-0: Called Strike
0-1: Ball
1-1: Ball
2-1: Swinging Strike
2-2: Foul Ball, location: 2F
2-2: Foul Ball, location: 2F
2-2: Strikes out swinging
Batting: RHB Kevin Wimberly 0-0: Ball
1-0: Ball
2-0: Foul Ball, location: 2F
2-1: Swinging Strike
2-2: Strikes out swinging
Bottom of the 8th over - 0 runs, 1 hit, 0 errors, 1 left on base; Salem 2 - Wilmington 0
TOP OF THE 9TH
Salem Red Sox batting - Pitching for Wilmington Blue Rocks : RHP Bryan Kiefer
Batting: RHB Tony Nunez 0-0: Ball
1-0: DOUBLE (Groundball, 3L, EV 105.0 MPH)
Batting: RHB Miguel Villanueva 0-0: Ball
1-0: Called Strike
1-1: Swinging Strike
1-2: Ball
2-2: Strikes out looking
Batting: RHB Rogelio Cervantes 0-0: Ball
1-0: Ball
2-0: Called Strike
2-1: Foul Ball, location: 2F
2-2: Foul Ball, location: 2F
2-2: Ball
Wild Pitch!
Tony Nunez to third
3-2: SINGLE (Groundball, 6, EV 100.0 MPH)
Tony Nunez scores
Batting: RHB Aukukero Tairi Pickoff Throw to First - Error! E1
Rogelio Cervantes to second
0-0: Called Strike
Rogelio Cervantes steals 3rd base
0-1: Foul Ball, location: 2F
0-2: Ball
1-2: Ball
2-2: Fly out, F8 (Flyball, 78S, EV 79.4 MPH)
Batting: RHB Andy Garvin 0-0: Ball
1-0: Fly out, F9 (Line Drive, 89M, EV 90.6 MPH)
Top of the 9th over - 1 run, 2 hits, 1 error, 1 left on base; Salem 3 - Wilmington 0
BOTTOM OF THE 9TH
Wilmington Blue Rocks batting - Pitching for Salem Red Sox : RHP Roberto Morales
Pitching: RHP Jim Whiteman
Batting: RHB Kazuki Arai 0-0: Ball
1-0: Foul Ball, location: 2F
1-1: Swinging Strike
1-2: Ball
2-2: Strikes out swinging
Batting: RHB Andy Urquhart 0-0: Called Strike
0-1: Ball
1-1: Ball
2-1: Foul Ball, location: 2F
2-2: Strikes out looking
Batting: LHB Robert Wilkins 0-0: Foul Ball, location: 2F
0-1: Ball
1-1: Ball
2-1: Foul Ball, location: 2F
2-2: Fly out, F8 (Line Drive, 8LD, EV 89.4 MPH)
Bottom of the 9th over - 0 runs, 0 hits, 0 errors, 0 left on base; Salem 3 - Wilmington 0
Tuesday, September 13th , 2022 - OOTP Baseball 23.7 Build 88